 Dungeon Crawl Stone Soup version 0.30-a0-292-g0f741e3f8e (webtiles) character file.

Game seed: 12269717945537508759

856 Rassilon the Cleaver (level 7, -16/61 HPs)
             Began as a Minotaur Fighter on Oct 17, 2022.
             Demolished by a two-headed ogre
             ... wielding a +0 giant club
              (25 damage)
             ... on level 5 of the Dungeon.
             The game lasted 00:10:57 (2963 turns).

Rassilon the Cleaver (Minotaur Fighter)             Turns: 2963, Time: 00:10:58

Health: -16/61     AC: 10    Str: 22    XL:     7   Next: 70%
Magic:  6/6        EV:  8    Int:  5    God:
Gold:   206        SH:  9    Dex: 10    Spells: 6/6 levels left

rFire   . . .      SeeInvis +    i - +0 war axe (elec)
rCold   . . .      Faith    .    c - +0 buckler
rNeg    . . .      Spirit   .    g - +0 chain mail
rPois   .          Reflect  +    (helmet restricted)
rElec   .          Harm     .    (no cloak)
rCorr   .          Rampage  .    (no gloves)
Will    .....                    (no boots)
Stlth   ..........               j - amulet of reflection
HPRegen 0.30/turn                k - ring of see invisible
MPRegen 0.10/turn                (no ring)

@: mighty
A: horns 2, retaliatory headbutt
a: no special abilities


You were on level 5 of the Dungeon.
You visited 1 branch of the dungeon, and saw 5 of its levels.

You collected 217 gold pieces.
You spent 11 gold pieces at shops.

Inventory:

Hand Weapons
 i - a +0 war axe of electrocution (weapon)
 l - the +4 sling of Glamorous Guile {venom, rF- Dex+4 SInv Stlth+}
   (You found it on level 3 of the Dungeon)

   Any ammunition fired from it poisons the flesh of those it strikes.
   Dex:       It affects your dexterity (+4).
   rF:        It makes you vulnerable to fire.
   SInv:      It lets you see invisible.
   Stlth:     It makes you more stealthy.
Armour
 c - a +0 buckler (worn)
 g - a +0 chain mail (worn)
Jewellery
 j - an amulet of reflection (around neck)
 k - a ring of see invisible (left hand)
Scrolls
 a - 2 scrolls of fear {unknown}
 b - a scroll of identify {unknown}
 f - 2 scrolls of teleportation {unknown}
 o - a scroll of immolation {unknown}
 r - a scroll of brand weapon {unknown}
Potions
 d - a potion of might
 e - 2 potions of curing {unknown}
 h - a potion of heal wounds {unknown}
 m - a potion of attraction {unknown}
 n - a potion of mutation {unknown}
 p - 2 potions of lignification {unknown}
 q - a potion of ambrosia {unknown}


   Skills:
 + Level 5.0 Fighting
 + Level 8.1 Axes
 + Level 6.9 Armour
 - Level 1.0 Dodging
 - Level 3.6 Shields


You had 6 spell levels left.
You didn't know any spells.
Your spell library contained the following spells:

 Spells                   Type           Power      Damage    Failure   Level
 Magic Dart               Conj           0%         1d3       99%         1
 Blink                    Tloc           0%         N/A       100%        2
 Call Imp                 Summ           0%         N/A       100%        2
 Ensorcelled Hibernation  Hex/Ice        0%         N/A       100%        2
 Momentum Strike          Conj/Tloc      0%         3d8       100%        2
 Passwall                 Tmut/Erth      0%         N/A       100%        2
 Call Canine Familiar     Summ           0%         N/A       100%        3
 Lesser Beckoning         Tloc           0%         N/A       100%        3
 Mephitic Cloud           Conj/Pois/Air  0%         N/A       100%        3
 Portal Projectile        Hex/Tloc       0%         N/A       100%        3
 Swiftness                Air            0%         N/A       100%        3
 Leda's Liquefaction      Hex/Erth       0%         N/A       100%        4


Dungeon Overview and Level Annotations

Branches:
Dungeon (5/15)
 Temple: D:4-7

Altars:
Vehumet
Wu Jian

Shops:
D:1 [!!(?


Innate Abilities, Weirdness & Mutations

You have a pair of horns on your head.
You reflexively headbutt those who attack you in melee.


Message History

The necrophage barely misses you. You furiously retaliate!
You headbutt the necrophage.
There is a stone staircase leading up here.
The necrophage barely misses you. You furiously retaliate!
You headbutt the necrophage!
You climb upwards.
There is a stone staircase leading down here.
You barely miss the necrophage.
The necrophage is almost destroyed.
The necrophage hits you.
* * * LOW HITPOINT WARNING * * *
You hit the necrophage.
You destroy the necrophage!
Your Fighting skill increases to level 5!
Your Axes skill increases to level 8!
You start resting.
HP restored.
You climb downwards.
The two-headed ogre hits you with a +0 giant club!!
Ouch! That really hurt!
You block the two-headed ogre's attack.
There is a stone staircase leading up, spattered with blood here.
You hit the two-headed ogre but do no damage.
You headbutt the two-headed ogre!
The two-headed ogre is lightly wounded.
The two-headed ogre hits you with a +0 giant club!
The two-headed ogre barely misses you.
You hit the two-headed ogre.
The two-headed ogre is lightly wounded.
The two-headed ogre hits you with a +0 giant club!
* * * LOW HITPOINT WARNING * * *
The two-headed ogre closely misses you.
You feel very mighty all of a sudden. The two-headed ogre barely misses you.
You block the two-headed ogre's attack.
You barely miss the two-headed ogre.
The two-headed ogre is lightly wounded.
You slash the two-headed ogre! You headbutt the two-headed ogre!
The two-headed ogre is severely wounded.
The two-headed ogre hits you with a +0 giant club!!
You die...

..........# ..........#
!....# .# ..........# ....#.
. .##.....######### #.:.. .
.##.....###.....###.... :#
.................#....##.#
.................#....#.# .
...............O.#....)#..##
.##'#########...@# #..#.....
.##...## #.##....###....#
###....# ..........O...#....
#....#...............# ....
#....#...............# ...
######...##.....##...# ..
... ########...# . .. #.....
#......


You could see a two-headed ogre.

Vanquished Creatures
  Grinder (D:4)
  An ogre (D:5)
  2 necrophages
  A scorpion (D:4)
  4 orc priests
  2 iguanas (D:5)
  Natasha (twice) (D:2)
  2 orc wizards (D:3)
  3 adders
  2 dart slugs (D:3)
  24 orcs
  5 endoplasms
  2 giant cockroaches
  4 goblins
  4 hobgoblins
  8 jackals
  3 quokkas
  3 ball pythons
  2 bats
  4 frilled lizards
  5 kobolds
  2 rats
86 creatures vanquished.

Notes
Turn   | Place    | Note
-------+----------+-------------------------------------------
     0 | D:1      | Rassilon the Minotaur Fighter began the quest for the Orb.
     0 | D:1      | Reached XP level 1. HP: 19/19 MP: 0/0
    20 | D:1      | Found Wuuth's Antique Weapon Shop.
    28 | D:1      | Found Yduh's Distillery.
   231 | D:1      | Found Ulogus's Magic Scroll Shoppe.
   241 | D:1      | Found Riduisal's Distillery.
   256 | D:1      | Bought a potion of degeneration for 11 gold pieces
   308 | D:1      | Found Qousosmi's Armour Shoppe.
   468 | D:2      | Reached XP level 2. HP: 26/26 MP: 1/1
   622 | D:2      | Found a faded altar of an unknown god.
   661 | D:2      | Noticed Natasha
   675 | D:2      | Killed Natasha
   676 | D:2      | Reached skill level 3 in Axes
   676 | D:2      | Reached skill level 1 in Dodging
   676 | D:2      | Reached XP level 3. HP: 28/31 MP: 2/2
   707 | D:2      | Reached skill level 5 in Armour
  1019 | D:2      | Noticed Natasha
  1041 | D:2      | Killed Natasha
  1042 | D:2      | Reached XP level 4. HP: 30/40 MP: 3/3
  1283 | D:3      | Identified the +4 sling of Glamorous Guile {venom, rF-
                  | Dex+4 SInv Stlth+}
  1327 | D:3      | Reached skill level 4 in Axes
  1331 | D:3      | Reached XP level 5. HP: 30/46 MP: 4/4
  1570 | D:3      | Found an ornate altar of the Wu Jian Council.
  1584 | D:3      | Found a radiant altar of Vehumet.
  1610 | D:3      | Reached skill level 5 in Axes
  1885 | D:3      | Reached XP level 6. HP: 41/52 MP: 5/5
  2186 | D:4      | Noticed Grinder
  2197 | D:4      | Killed Grinder
  2198 | D:4      | Reached skill level 6 in Axes
  2347 | D:4      | Reached skill level 7 in Axes
  2347 | D:4      | Reached XP level 7. HP: 60/60 MP: 6/6
  2613 | D:5      | Entered Level 5 of the Dungeon
  2799 | D:5      | Noticed a two-headed ogre
  2818 | D:4      | Reached skill level 5 in Fighting
  2818 | D:4      | Reached skill level 8 in Axes
  2963 | D:5      | Demolished by a two-headed ogre

Illustrated notes

Levels and vault maps discovered:
D:1:      lightli_arrival_farm, layout_rooms, serial_shops, shop,
          nicolae_shop_statue_plus, nicolae_shop_crystal, nicolae_square_shop,
          shop
D:2:      layout_loops_ring, ebering_ecumenical_altar_abandoned, uniq_natasha
D:3:      layout_loops_ring, grunt_temple_overflow_open
D:4:      layout_rooms, uniq_grinder
D:5:      layout_gridville, minmay_manual_mess, uniq_sigmund, uniq_edmund

Skill      XL: |  1  2  3  4  5  6  7 |
---------------+----------------------+-----
Armour         | 4 5 6 |  6.9
Axes           | 3 4 5 7 8 |  8.1
Dodging        | 1 |  1.0
Fighting       | 4 5 |  5.0
Shields        | |  3.6

Action                   |  1- 3 |  4- 6 |  7- 9 || total
-------------------------+-------+-------+-------++-------
Melee: War axe           |    75 |    89 |    38 ||   202
       Headbutt          |    11 |    11 |     6 ||    28
  Use: Potion            |       |       |     1 ||     1
Armor: Chain mail        |    47 |    27 |    10 ||    84
       Scale mail        |     4 |       |       ||     4
Dodge: Dodged            |    24 |    23 |    16 ||    63
Block: Buckler           |     9 |    29 |    21 ||    59
       Reflection        |       |     3 |       ||     3

Table legend: (Time is in decaauts)
 A = Elapsed time spent in this place.
 B = Non-inter-level travel time spent in this place.
 C = Inter-level travel time spent in this place.
 D = Time resting spent in this place.
 E = Time spent auto-exploring this place.
 F = Levels seen in this place.
 G = Mean time per level.
                   A        B        C        D        E       F      G
               +--------+--------+--------+--------+--------+-----+--------+
         Total |   3054 |   2945 |    109 |    438 |   1759 |   5 |  610.8 |
       Dungeon |   3054 |   2945 |    109 |    438 |   1759 |   5 |  610.8 |
               +--------+--------+--------+--------+--------+-----+--------+

Top non-repeatable levels by time:
     D:3: 963 daAuts
     D:2: 804 daAuts
     D:4: 572 daAuts
     D:1: 502 daAuts
     D:5: 211 daAuts
